 Dungeon Crawl Stone Soup version 0.17.1-1-g73c8601 (webtiles) character file.

229635 JustSomeDude the Severer (level 18, -9/127 HPs)
             Began as a Demonspawn Monk on Dec 30, 2015.
             Was the Champion of Jiyva.
             Killed by the air
             ... invoked by Sojobo
              (23 damage)
             ... on level 4 of the Vaults on Dec 31, 2015.
             The game lasted 03:02:43 (29855 turns).

JustSomeDude the Severer (Demonspawn Monk)         Turns: 29855, Time: 03:02:52

Health: -9/127     AC: 14    Str: 27      XL:     18   Next: 30%
Magic:  7/10       EV: 28    Int:  8 (9)  God:    Jiyva [******]
Gold:   2469       SH: 25    Dex: 32      Spells: 0 memorised, 17 levels left

rFire  + + +     SeeInvis +     U - +4 broad axe
rCold  + . .     Clarity  .     k - +1 scale mail {rC+}
rNeg   + . .     SustAt   .     x - +3 large shield
rPois  +         Gourm    .     (helmet unavailable)
rElec  .         Spirit   .     X - +1 cloak
rCorr  +         Warding  .     c - +1 pair of gloves "Copt" {rCorr Dex+2}
rMut   .         Rnd*Tele +     (no boots)
MR     +....                    g - amulet of Creativity {Faith rF+ SInv Stlth+}
Stlth  ++++++++..               P - ring of the Messenger {rF+++ rN+ MP-9 Int+4 Dex-3}
                                D - ring of poison resistance

@: mighty, agile, somewhat resistant to hostile enchantments, extraordinarily
stealthy
A: horns 3, thin skeletal structure 3, clever 1, demonic guardian 2,
deterioration 1, fire resistance 1, frail 1, powered by death 2, teleportitis 1,
acidic bite, translucent skin 1
a: Request Jelly, Jelly Paralyse, Slimify, Cure Bad Mutation, Renounce Religion
}: 2/15 runes: slimy, gossamer


You were on level 4 of the Vaults.
You worshipped Jiyva.
Jiyva was exalted by your worship.
You were completely stuffed.

You visited 7 branches of the dungeon, and saw 40 of its levels.

You collected 3059 gold pieces.
You spent 590 gold pieces at shops.

Inventory:

Hand Weapons
 f - the cursed +1 mace "Spider's Death" {venom, rElec MR+ Dex-3, unknown}
   (You found it on level 3 of the Vaults)

   It poisons the flesh of those it strikes.
   It affects your dexterity (-3).
   It insulates you from electricity.
   It affects your resistance to hostile enchantments.
   It has a curse placed upon it.
 U - a +4 broad axe (weapon)
Armour
 c - the +1 pair of gloves "Copt" (worn) {rCorr Dex+2}
   (You bought it in a shop on level 4 of the Orcish Mines)

   It affects your dexterity (+2).
   It protects you from acid and corrosion.
 k - a +1 scale mail of cold resistance (worn)
 x - a +3 large shield (worn)
 X - a +1 cloak (worn)
Jewellery
 g - the amulet of Creativity (around neck) {Faith rF+ SInv Stlth+}
   (You found it on level 6 of the Pits of Slime)

   [amulet of faith]

   It allows you to gain divine favour quickly.
   It protects you from fire.
   It lets you see invisible.
   It makes you more stealthy.
 D - a ring of poison resistance (left hand)
 P - the ring of the Messenger (right hand) {rF+++ rN+ MP-9 Int+4 Dex-3}
   (You found it on level 6 of the Lair of Beasts)

   [ring of intelligence]

   It affects your intelligence (+4).
   It affects your dexterity (-3).
   It renders you almost immune to fire.
   It protects you from negative energy.
   It affects your magic capacity (-9).
Wands
 a - a wand of draining (6)
 l - a wand of fireball (6)
 n - a wand of lightning (0)
 p - a wand of fire (9)
 r - a wand of disintegration (2)
 y - a wand of lightning (1)
 C - a wand of digging (21)
 F - a wand of confusion (33)
 H - a wand of confusion (22)
 I - a wand of cold (3)
 K - a wand of frost (26)
Scrolls
 h - 7 scrolls of remove curse
 m - 3 scrolls of enchant weapon
 u - a scroll of enchant armour
 A - a scroll of magic mapping
 G - 3 scrolls of identify
 L - 2 scrolls of recharging
Potions
 o - a potion of agility
 w - 2 potions of cancellation
 z - 3 potions of brilliance
 O - a potion of ambrosia
 Z - 4 potions of flight
Books
 R - Fulled's Disquisition on Harmful Illusion
   (You found it on level 11 of the Dungeon)

   Spells                             Type                      Level
   a - Summon Butterflies             Summoning                    1
   b - Summon Small Mammal            Summoning                    1
   c - Summon Mana Viper              Hexes/Summoning              5
   d - Aura of Abjuration             Summoning                    5
   e - Shadow Creatures               Summoning                    5
   f - Summon Demon                   Summoning                    5
   g - Delayed Fireball               Conjuration/Fire             7
   h - Spellforged Servitor           Conjuration/Summoning        7
Miscellaneous
 d - a lantern of shadows
 e - a plain deck of changes {drawn: 1}
 j - a disc of storms
Comestibles
 b - 18 bread rations
 B - 4 royal jellies
 E - 3 meat rations
 S - 6 slices of pizza
 T - 2 fruits


   Skills:
 + Level 12.6 Fighting
   Level 4.8 Short Blades
 * Level 16.7 Axes
 + Level 9.8 Armour
 + Level 12.5 Dodging
 + Level 11.4 Stealth
 + Level 13.2 Shields
 + Level 4.0 Unarmed Combat
   Level 2.1 Invocations
 + Level 1.0 Evocations


You had 17 spell levels left.
You didn't know any spells.

Dungeon Overview and Level Annotations

Branches:
Dungeon (13/15)            Temple (1/1) D:5            Lair (8/8) D:10
  Swamp (0/4) Lair:6       Spider (4/4) Lair:4        Slime (6/6) Lair:7
    Orc (4/4) D:9             Elf (0/3) Orc:3        Vaults (4/5) D:13
  Crypt (0/3) Vaults:3

Altars:
Ashenzari
Cheibriados
Dithmenos
Elyvilon
Fedhas
Gozag
Kikubaaqudgha
Makhleb
Nemelex Xobeh
Okawaru
Qazlal
Ru
Sif Muna
Trog
Vehumet
Xom
Yredelemnul
Zin
The Shining One
Jiyva

Shops:
D:8 ?   D:9 %   Orc:4 [*(?=%   Vaults:3 *

Portals:
Trove: Vaults:3 (give horn of Geryon)

Annotations:
D:7 1 runed door
Slime:6 Royal Jelly
Vaults:4 Sojobo


Innate Abilities, Weirdness & Mutations

You have a pair of large horns on your head.
You have an unnaturally thin skeletal structure (Dex +6, Stealth++).
A demonic guardian rushes to your aid.
Your flesh is heat resistant.
You regenerate health from kills.
Your mind is acute. (Int +2)
Your body sometimes deteriorates upon taking damage.
You are frail (-10% HP).
You are occasionally teleported next to monsters.
You have acidic saliva.
Your skin is partially translucent (Stealth, -foe acc).


Message History

The two-headed ogre seems to grow stronger.
Unknown command.
Unknown command.
You slice the ancient champion!!
You destroy the ancient champion!
You feel your strength returning. The red draconian knight misses you.
A thick mucus forms on your +4 broad axe.
You feel somewhat less full.
The vault warden hits you but does no damage.
The vault warden hits your sixfirhy with a vampiric broad axe!
The red draconian knight hits you from afar with a halberd!!
* * * LOW HITPOINT WARNING * * *
The vault warden quivers uncontrollably and liquefies into an acid blob!
Your hands burn!
* * * LOW HITPOINT WARNING * * *
The red draconian knight hits you but does no damage.
Sojobo waves his feathered arms in wide circles.
The air twists around and strikes you!
You die...

#.......+.....<......#
#.......#......).....#
#.......#............#
#####
#.......#............#
#...#
#.......##############
#...# #.......# #...#
#.......########
##...#####.......#cO....#
..###....+......@JQp....#
..# #....#......4#qO....#
..###....#.......#Oc....#
##[..#############......#
#..?# #......# #...#
#......# #...# #......#
##### #+###### ......


You could see Sojobo, a red draconian knight (invisible), a yaktaur captain, an
ironbrand convoker, a yaktaur, a two-headed ogre, an ogre, a neutral acid blob
(fellow slime) and a friendly sixfirhy.

Vanquished Creatures
  Arachne (Spider:3)
  An ancient champion (Vaults:4)
  Agnes (Spider:3)
  Donald (Orc:3)
  5 ghost moths
  Maud (Orc:3)
  A deep elf sorcerer (Vaults:2)
  4 vault wardens
  5 emperor scorpions
  An orc warlord (Vaults:3)
  2 very ugly things (Vaults:1)
  5 ironheart preservers
  A stone giant (Vaults:3)
  A deep elf demonologist (Vaults:2)
  Snorg (Lair:6)
  4 vault guards
  2 yaktaur captains
  A fire dragon (Vaults:1)
  Erolcha (D:12)
  3 entropy weavers
  A small abomination (Vaults:3)
  A rakshasa (Vaults:1)
  An ice dragon (Vaults:2)
  3 ogre magi
  Erica (Orc:1)
  2 centaur warriors (Vaults:3)
  4 hydras
  2 deep troll earth magi (Vaults:2)
  A vampire mage (D:11)
  A queen ant (Lair:1)
  A fire crab (Vaults:1)
  8 skeletal warriors
  4 deep elf knights
  3 deep trolls
  3 unseen horrors
  3 flayed ghosts
  A hill giant (shapeshifter) (Vaults:3)
  6 harpies
  6 ironbrand convokers
  3 hill giants
  4 orc knights
  A wizard (Vaults:2)
  8 orb spiders
  5 griffons
  12 ugly things
  6 oklob plants (Lair:4)
  A hornet (shapeshifter) (Vaults:2)
  19 wolf spiders
  A cyclops (D:12)
  5 hornets
  4 moths of wrath
  4 orc sorcerers
  7 elephants
  A manticore (Vaults:1)
  An elephant (shapeshifter) (Vaults:3)
  3 human skeletons (Vaults:3)
  2 centaur zombies
  A stone giant skeleton (Vaults:3)
  Joseph (D:9)
  4 torpor snails
  10 vault sentinels
  A salamander skeleton (Vaults:3)
  A gargoyle (D:10)
  4 naga magi (D:11)
  7 black mambas
  13 spiny frogs
  2 fire drakes (Lair:6)
  A komodo dragon (shapeshifter) (Vaults:3)
  A spiny frog (shapeshifter) (Vaults:1)
  9 komodo dragons
  A guardian mummy (Vaults:3)
  5 deep elf priests
  6 trolls
  28 yaktaurs
  7 demonic crawlers
  3 freezing wraiths (Vaults:3)
  A yaktaur skeleton (Vaults:3)
  15 two-headed ogres
  21 jumping spiders
  7 polar bears (Lair:8)
  A wolf spider simulacrum (Vaults:1)
  5 boulder beetles
  10 blink frogs
  A wraith (Vaults:1)
  10 spriggans (Lair:8)
  21 trapdoor spiders
  57 redbacks
  A wyvern (D:9)
  8 hippogriffs
  30 yaks
  27 tarantellas
  An ettin skeleton (Vaults:3)
  2 steam dragons
  4 basilisks
  11 deep elf magi
  Grum (D:9)
  3 hungry ghosts
  6 deep elf fighters
  12 vampire mosquitoes
  23 wolves
  11 water moccasins
  19 soldier ants (Lair:1)
  A soldier ant (shapeshifter) (Vaults:2)
  3 wargs
  17 orc warriors
  8 porcupines
  2 swamp drakes
  2 phantoms
  4 ice beasts
  27 spiders
  3 necrophages
  6 black bears
  3 centaurs
  3 wasps
  26 ogres
  4 sky beasts
  16 crocodiles
  3 big kobolds
  A gnoll sergeant (D:12)
  A glowing shapeshifter simulacrum (Vaults:2)
  12 giant frogs
  3 scorpions
  11 killer bees
  3 spriggan skeletons (D:9)
  16 wights
  5 crimson imps
  2 electric eels (Lair:8)
  A giant frog zombie (D:12)
  4 hounds
  15 orc priests
  3 giant frog skeletons
  29 orc wizards
  13 iguanas
  4 centaur skeletons
  2 hell rats (Lair:2)
  35 worker ants
  5 sheep (Lair:7)
  A hound skeleton (D:9)
  A hound zombie (D:9)
  A worker ant zombie (D:8)
  3 gnolls (D:12)
  10 adders
  64 river rats
  3 shadow imps
  An ooze (D:5)
  3 adder skeletons
  3 worms
  6 giant geckos
  167 orcs
  2 ball pythons
  6 giant cockroaches
  3 goblins
  7 hobgoblins
  5 jackals
  26 kobolds
  3 quokkas
  7 bats
  3 giant newts (D:1)
  A jackal zombie (D:5)
  23 rats
  6 bushes
  A butterfly (D:7)
  2 crawling corpses (Vaults:3)
  10 fungi
  20 plants
1275 creatures vanquished.

Vanquished Creatures (collateral kills)
  A large abomination (Vaults:3)
  A sphinx (Vaults:3)
  A ghost moth (Spider:4)
  2 emperor scorpions
  5 vault wardens
  A deep elf sorcerer (Vaults:1)
  Aizul (Vaults:2)
  2 ironheart preservers
  A stone giant (Vaults:3)
  Nessos (Orc:3)
  The ghost of HolyRage the Arsonist, a journeyman DEFE of Vehumet (Lair:8)
  A vault guard (Vaults:2)
  A yaktaur captain (Vaults:3)
  The ghost of Yakui the Spear-Bearer, a journeyman MfGl of Qazlal (Lair:1)
  2 hydras
  An ice dragon (Vaults:3)
  2 ogre magi
  Sonja (Orc:2)
  2 spriggans (Lair:8)
  A deep elf knight (Vaults:2)
  2 skeletal warriors (Vaults:3)
  A flayed ghost (Vaults:3)
  A deep elf summoner (Vaults:2)
  2 harpies
  An ugly thing (Vaults:3)
  A hornet (Spider:4)
  2 deep elf conjurers (Vaults:1)
  2 orc knights
  5 wolf spiders
  6 orb spiders
  3 oklob plants (Lair:4)
  A stone giant skeleton (Vaults:3)
  2 vault sentinels
  4 yaktaurs
  A komodo dragon (Lair:4)
  A guardian mummy (Vaults:3)
  A spriggan druid (Lair:8)
  A freezing wraith (Vaults:3)
  5 blink frogs
  5 jumping spiders
  2 two-headed ogres (Orc:4)
  6 tarantellas
  3 trapdoor spiders
  8 redbacks
  17 yaks
  7 wolves
  A warg (Vaults:3)
  A soldier ant (Lair:1)
  2 wasps (Lair:8)
  4 orc warriors
  8 ogres
  11 spiders
  A phantom (D:4)
  A crocodile (Lair:6)
  A crimson imp (D:8)
  An orc wizard (Orc:2)
  2 worker ants (Lair:1)
  10 orcs
  2 jackals (D:7)
  A rat (Lair:2)
  A fungus (Lair:3)
  A plant (Lair:4)
167 creatures vanquished.

Vanquished Creatures (others)
  An acid blob (Slime:6)
  2 great orbs of eyes
  An ogre mage (Orc:4)
  A giant orange brain (Vaults:3)
  An orb spider (Spider:4)
  A wizard (D:9)
  An orc sorcerer (D:11)
  A shining eye (Slime:2)
  Maurice (D:10)
  A naga mage (D:11)
  A yaktaur (Vaults:3)
  A komodo dragon (Lair:8)
  2 human skeletons (Vaults:3)
  A jumping spider (Spider:3)
  A yaktaur skeleton (Vaults:3)
  3 two-headed ogres (Orc:4)
  A boulder beetle (Lair:8)
  32 slime creatures
  3 redbacks (Spider:1)
  5 deep elf magi (D:11)
  A golden eye (Slime:5)
  2 wolves
  3 spiders
  An eye of draining (Slime:6)
  A sky beast (D:9)
  An orc warrior (D:11)
  A wasp (Spider:3)
  5 ogres
  A brain worm (shapeshifter) (Vaults:3)
  3 giant frogs
  A wyvern skeleton (D:12)
  4 killer bees (D:10)
  189 jellies
  An electric eel (Lair:8)
  A centaur zombie (D:10)
  2 crimson imps
  3 orc priests
  A human simulacrum (Vaults:1)
  An orc wizard (D:9)
  A worker ant (D:10)
  6 river rats (Lair:8)
  11 orcs
  A quokka (D:6)
  5 bushes (D:9)
  53 fungi
  8 plants
368 creatures vanquished.

Grand Total: 1810 creatures vanquished

Notes
Turn   | Place    | Note
--------------------------------------------------------------
     0 | D:1      | JustSomeDude the Demonspawn Monk began the quest for the Orb.
     0 | D:1      | Reached XP level 1. HP: 18/18 MP: 1/1
   147 | D:1      | Gained mutation: You regenerate a little health from kills. [demonic ancestry]
   147 | D:1      | Reached XP level 2. HP: 24/24 MP: 2/2
   714 | D:2      | Reached skill level 4 in Unarmed Combat
   714 | D:2      | Gained mutation: A weak demonic guardian rushes to your aid. [demonic ancestry]
   714 | D:2      | Reached XP level 3. HP: 29/29 MP: 3/3
   848 | D:2      | Found a blossoming altar of Fedhas.
  1176 | D:2      | Reached XP level 4. HP: 35/35 MP: 4/4
  1464 | D:2      | Found a faded altar to an unknown god.
  1671 | D:2      | Became a worshipper of Cheibriados the Contemplative
  1671 | D:2      | Reached * piety under Cheibriados
  1671 | D:2      | Reached ** piety under Cheibriados
  2236 | D:3      | Reached *** piety under Cheibriados
  2652 | D:4      | Gained mutation: You have a pair of small horns on your head. [demonic ancestry]
  2652 | D:4      | Reached XP level 5. HP: 19/41 MP: 5/5
  2772 | D:4      | Noticed an ogre
  2813 | D:4      | Killed an ogre
  2813 | D:4      | Gained mutation: You have a pair of horns on your head. [demonic ancestry]
  2813 | D:4      | Reached XP level 6. HP: 47/47 MP: 6/6
  3270 | D:4      | Noticed a phantom
  3277 | D:4      | Killed a phantom
  3277 | D:4      | Reached skill level 1 in Short Blades
  3372 | D:5      | Entered Level 5 of the Dungeon
  3432 | D:5      | Reached **** piety under Cheibriados
  3454 | D:5      | Reached skill level 5 in Stealth
  3454 | D:5      | Reached XP level 7. HP: 40/52 MP: 7/7
  3497 | D:5      | Found a staircase to the Ecumenical Temple.
  3601 | Temple   | Entered the Ecumenical Temple
  3960 | D:5      | Reached skill level 1 in Shields
  4322 | D:6      | Reached skill level 5 in Dodging
  4444 | D:6      | Reached skill level 6 in Stealth
  4616 | D:6      | You fall through a shaft!
  4641 | D:7      | Found a runed door.
  4646 | D:7      | Found a runed door.
  4651 | D:7      | Reached XP level 8. HP: 42/60 MP: 8/8
  4682 | D:7      | Reached ***** piety under Cheibriados
  4720 | D:7      | Gained mutation: Your mind is acute. (Int +2) [mutagenic meat]
  4721 | D:7      | Gained mutation: Your mind is very acute. (Int +4) [mutagenic meat]
  5148 | D:7      | Reached skill level 7 in Dodging
  5283 | D:7      | Reached XP level 9. HP: 66/66 MP: 9/9
  5513 | D:8      | Found Kotzaon's Magic Scroll Shoppe.
  5568 | D:8      | Reached skill level 1 in Armour
  5742 | D:8      | Reached ****** piety under Cheibriados
  6087 | D:8      | Reached skill level 8 in Dodging
  6302 | D:9      | Found a shattered altar of Ashenzari.
  6336 | D:9      | Noticed Grum
  6351 | D:9      | Killed Grum
  6351 | D:9      | Reached skill level 5 in Fighting
  6351 | D:9      | Reached skill level 5 in Shields
  6351 | D:9      | Gained mutation: A demonic guardian rushes to your aid. [demonic ancestry]
  6351 | D:9      | Reached XP level 10. HP: 15/74 MP: 10/10
  6388 | D:9      | Found a staircase to the Orcish Mines.
  6434 | Orc:1    | Entered Level 1 of the Orcish Mines
  6434 | Orc:1    | Noticed Erica
  6447 | Orc:1    | Killed Erica
  6447 | Orc:1    | Reached skill level 1 in Invocations
  6691 | Orc:2    | Noticed Sonja
  6715 | Orc:2    | Killed Sonja
  7073 | Orc:2    | Noticed an orc knight
  7096 | Orc:2    | Killed an orc knight
  7277 | Orc:3    | Found a staircase to the Elven Halls.
  7333 | Orc:3    | Noticed Nessos
  7345 | Orc:3    | Killed Nessos
  7345 | Orc:3    | Reached skill level 1 in Axes
  7345 | Orc:3    | Reached skill level 9 in Dodging
  7503 | Orc:3    | Noticed Maud
  7507 | Orc:3    | Noticed Donald
  7517 | Orc:3    | Killed Maud
  7517 | Orc:3    | Reached skill level 5 in Armour
  7517 | Orc:3    | Gained mutation: You regenerate health from kills. [demonic ancestry]
  7517 | Orc:3    | Reached XP level 11. HP: 67/81 MP: 11/11
  7530 | Orc:3    | Killed Donald
  7790 | Orc:4    | Entered Level 4 of the Orcish Mines
  7849 | Orc:4    | Found Oquoj's Jewellery Shop.
  7893 | Orc:4    | Bought a +4 ring of dexterity for 324 gold pieces
  7937 | Orc:4    | Noticed an ogre mage
  7937 | Orc:4    | Noticed an ogre mage
  7939 | Orc:4    | Noticed an ogre mage
  7940 | Orc:4    | Noticed an ogre mage
  7942 | Orc:4    | Was placed under penance by Cheibriados
  7946 | Orc:4    | Killed an ogre mage
  7946 | Orc:4    | Was forgiven by Cheibriados
  7946 | Orc:4    | Killed an ogre mage
  7949 | Orc:4    | Killed an ogre mage
  7956 | Orc:4    | Killed an ogre mage
  7956 | Orc:4    | Reached skill level 5 in Axes
  8018 | Orc:4    | Found Zemopawn's Food Boutique.
  8145 | Orc:4    | Found Inwumet's Magic Scroll Shoppe.
  8145 | Orc:4    | Found Dirup's Antique Weapon Shop.
  8146 | Orc:4    | Found Podann's Assorted Antiques.
  8146 | Orc:4    | Found Doxkuac's Antique Armour Emporium.
  8167 | Orc:4    | Reached XP level 12. HP: 89/89 MP: 13/13
  8201 | Orc:4    | Bought a pair of polished gloves for 266 gold pieces
  8211 | Orc:4    | Identified the +1 pair of gloves "Copt" {rCorr Dex+2} (You bought it in a shop on level 4 of the Orcish Mines)
  8811 | D:9      | Found Aroybbox's Food Shoppe.
  8849 | D:9      | Gained mutation: Armour fits poorly on your strangely shaped body. [mutagenic meat]
  8850 | D:9      | Gained mutation: Your muscles are strong. (Str +2) [mutagenic meat]
  8851 | D:9      | Gained mutation: You are robust (+10% HP). [mutagenic meat]
  8853 | D:9      | Gained mutation: You are resistant to hostile enchantments. [mutagenic meat]
  8857 | D:9      | Gained mutation: Your natural rate of healing is unusually fast. [potion of mutation]
  8857 | D:9      | Gained mutation: Your spells are a little harder to cast, but a little more powerful. [potion of mutation]
  8857 | D:9      | Gained mutation: You are very robust (+20% HP). [potion of mutation]
  8905 | D:9      | Noticed Joseph
  8917 | D:9      | Killed Joseph
  9133 | D:9      | Killed an unseen horror
  9311 | D:9      | Found a bloodstained altar of Trog.
  9312 | D:9      | Noticed a wizard
  9316 | D:9      | Killed a wizard
  9387 | D:10     | Entered Level 10 of the Dungeon
  9432 | D:10     | Found a staircase to the Lair.
  9489 | Lair:1   | Entered Level 1 of the Lair of Beasts
  9491 | Lair:1   | Noticed Yakui's ghost (journeyman MfGl)
  9502 | Lair:1   | Killed Yakui's ghost
  9524 | Lair:1   | Reached skill level 10 in Dodging
  9975 | Lair:1   | Noticed a seven-headed hydra
  9987 | Lair:1   | Killed a seven-headed hydra
 11007 | Lair:2   | Noticed a six-headed hydra
 11065 | Lair:2   | Gained mutation: You have a somewhat thin skeletal structure (Dex +2, Stealth). [demonic ancestry]
 11065 | Lair:2   | Reached XP level 13. HP: 117/117 MP: 14/14
 11722 | Lair:4   | Found a hole to the Spider Nest.
 13303 | Lair:5   | Reached skill level 10 in Axes
 13387 | Spider:1 | Entered Level 1 of the Spider Nest
 13421 | Spider:1 | Noticed an emperor scorpion
 13435 | Spider:1 | Killed an emperor scorpion
 13462 | Spider:1 | Reached XP level 14. HP: 46/127 MP: 15/15
 14141 | Spider:2 | Reached skill level 10 in Shields
 14163 | Spider:2 | Reached skill level 11 in Axes
 14858 | Spider:3 | Killed a ghost moth
 14971 | Spider:3 | Noticed an emperor scorpion
 15050 | Lair:6   | Noticed Snorg
 15080 | Lair:6   | Killed Snorg
 15182 | Lair:6   | Got a scorched bronze ring
 15349 | Lair:6   | Found a staircase to the Swamp.
 15606 | Lair:7   | Identified the ring of the Messenger {rF+++ rN+ MP-9 Int+4 Dex-3} (You found it on level 6 of the Lair of Beasts)
 15633 | Lair:7   | Reached skill level 10 in Stealth
 15857 | Lair:7   | Found a viscous altar of Jiyva.
 15858 | Lair:7   | Found a staircase to the Slime Pits.
 16051 | Lair:7   | Fell from the grace of Cheibriados
 16051 | Lair:7   | Became a worshipper of Jiyva Jaazimai the Shapeless
 16103 | Lair:7   | Reached * piety under Jiyva
 16153 | Lair:7   | Reached ** piety under Jiyva
 16354 | Lair:7   | Gained mutation: You have a moderately thin skeletal structure (Dex +4, Stealth+). [demonic ancestry]
 16354 | Lair:7   | Reached XP level 15. HP: 130/138 MP: 7/16
 16687 | Lair:1   | Noticed a four-headed hydra
 16702 | Lair:1   | Killed a four-headed hydra
 16702 | Lair:1   | Reached skill level 12 in Axes
 16835 | Lair:1   | Reached *** piety under Jiyva
 16938 | D:10     | Lost mutation: You are resistant to hostile enchantments. [Jiyva's grace]
 16952 | D:10     | Reached **** piety under Jiyva
 16987 | D:10     | Lost mutation: Armour fits poorly on your strangely shaped body. [Jiyva's grace]
 17017 | D:10     | Reached ***** piety under Jiyva
 17198 | D:10     | Killed Maurice
 17548 | D:8      | Gained mutation: You have an unnaturally thin skeletal structure (Dex +6, Stealth++). [Jiyva's grace]
 17590 | D:8      | Lost mutation: Your spells are a little harder to cast, but a little more powerful. [Jiyva's grace]
 17628 | D:9      | Reached ****** piety under Jiyva
 17653 | D:9      | Gained mutation: You are clumsy. (Dex -2) [Jiyva's grace]
 17844 | Slime:1  | Entered Level 1 of the Pits of Slime
 17912 | Slime:6  | Entered Level 6 of the Pits of Slime
 17925 | Slime:6  | Noticed an acid blob
 17928 | Slime:6  | Found a viscous altar of Jiyva.
 17928 | Slime:6  | Noticed an acid blob
 17929 | Slime:6  | Noticed an azure jelly
 17929 | Slime:6  | Noticed the royal jelly
 17932 | Slime:6  | Gained mutation: Your skin is partially translucent (Stealth, -foe acc). [Jiyva's grace]
 17935 | Slime:6  | Noticed an azure jelly
 17935 | Slime:6  | Lost mutation: Your muscles are strong. (Str +2) [Jiyva's grace]
 17947 | Slime:6  | Got a vibrating emerald amulet
 17948 | Slime:6  | Gained mutation: You are somewhat resistant to further mutation. [Jiyva's grace]
 17960 | Slime:6  | Noticed an acid blob
 17964 | Slime:6  | Got a slimy rune of Zot
 17966 | Slime:6  | Identified the Almanac of Toxins
 17972 | Slime:6  | Killed an acid blob
 17980 | Slime:6  | Got a shimmering glaive
 17986 | Slime:6  | Identified the amulet of Creativity {Faith rF+ SInv Stlth+} (You found it on level 6 of the Pits of Slime)
 17996 | Slime:6  | Identified the +4 glaive "Inat" {chop, Int+4} (You found it on level 6 of the Pits of Slime)
 18011 | Slime:6  | Noticed an acid blob
 18263 | Slime:5  | Noticed an acid blob
 18263 | Slime:5  | Noticed an azure jelly
 18268 | Slime:5  | Noticed an azure jelly
 18270 | Slime:5  | Noticed an acid blob
 18279 | Slime:5  | Noticed an azure jelly
 18285 | Slime:5  | Noticed an acid blob
 18298 | Slime:5  | Noticed an azure jelly
 18308 | Slime:4  | Noticed an acid blob
 18310 | Slime:4  | Noticed an azure jelly
 18424 | Slime:1  | Noticed an acid blob
 18426 | Slime:1  | Noticed an acid blob
 18589 | Slime:2  | Noticed an azure jelly
 18850 | Spider:3 | Noticed Agnes
 18859 | Spider:3 | Killed Agnes
 18879 | Spider:3 | Gained mutation: Armour fits poorly on your pseudopods. [Jiyva's grace]
 18921 | Spider:3 | Killed an emperor scorpion
 18932 | Spider:3 | Reached skill level 10 in Fighting
 18936 | Spider:3 | Noticed Arachne
 19329 | Spider:3 | Killed Arachne
 19366 | Spider:3 | Gained mutation: You have a small jelly attached to you that may absorb incoming projectiles. [Jiyva's grace]
 19756 | Spider:4 | Entered Level 4 of the Spider Nest
 19961 | Spider:4 | Lost mutation: Your skin is partially translucent (Stealth, -foe acc). [Jiyva's grace]
 20222 | Spider:4 | Reached skill level 13 in Axes
 20451 | Spider:4 | Gained mutation: You can spit weak poison. [Jiyva's grace]
 20500 | Spider:4 | Reached skill level 1 in Evocations
 20652 | Spider:4 | Lost mutation: Your natural rate of healing is unusually fast. [potion of mutation]
 20688 | Spider:4 | Lost mutation: You are clumsy. (Dex -2) [Jiyva's power]
 21397 | Spider:4 | Lost mutation: You can spit weak poison. [Jiyva's grace]
 21597 | Spider:4 | Reached XP level 16. HP: 77/148 MP: 17/17
 21831 | Spider:4 | Lost mutation: You have a small jelly attached to you that may absorb incoming projectiles. [Jiyva's grace]
 21885 | Spider:4 | Got a gossamer rune of Zot
 21965 | Spider:2 | Was forgiven by Cheibriados
 22089 | Lair:8   | Entered Level 8 of the Lair of Beasts
 22213 | Lair:8   | Noticed an acid blob
 22213 | Lair:8   | an eight-headed hydra changed into an acid blob
 22223 | Lair:8   | Lost mutation: You are somewhat resistant to further mutation. [Jiyva's grace]
 22355 | Lair:8   | Lost mutation: You are very robust (+20% HP). [Jiyva's grace]
 22371 | Lair:8   | Noticed HolyRage's ghost (journeyman DEFE)
 22385 | Lair:8   | Killed HolyRage's ghost
 22511 | Lair:8   | Lost mutation: You have an unnaturally thin skeletal structure (Dex +6, Stealth++). [Jiyva's grace]
 22950 | Lair:8   | Reached skill level 14 in Axes
 22981 | Lair:8   | Gained mutation: You have an unnaturally thin skeletal structure (Dex +6, Stealth++). [Jiyva's grace]
 23311 | Lair:8   | Lost mutation: Armour fits poorly on your pseudopods. [Jiyva's grace]
 24039 | D:11     | Gained mutation: Your muscles are strong. (Str +2) [Jiyva's grace]
 24122 | D:11     | Gained mutation: You are agile. (Dex +2) [Jiyva's grace]
 24339 | D:11     | Gained mutation: Your magical capacity is low (-10% MP). [Jiyva's grace]
 24370 | D:11     | Found a deep blue altar of Sif Muna.
 24425 | D:11     | Identified Lehudib's Compendium of Shifting Stones
 24427 | D:11     | Identified Zenk's Handbook of Shape Shifting
 24437 | D:11     | Identified Fulled's Disquisition on Harmful Illusion
 24439 | D:11     | Identified Viuhaz's Grimoire of the Evil Arsonist
 24592 | D:12     | Noticed Erolcha
 24601 | D:12     | Killed Erolcha
 24630 | D:12     | Found a shimmering altar of Xom.
 24755 | D:11     | Lost mutation: Your mind is very acute. (Int +4) [Jiyva's grace]
 24937 | D:12     | Gained mutation: Your muscles are very strong. (Str +4) [Jiyva's grace]
 25317 | D:13     | Gained mutation: You are resistant to hostile enchantments. [Jiyva's grace]
 25341 | D:13     | Found a gate to the Vaults.
 25355 | Vaults:1 | Entered Level 1 of the Vaults
 25693 | Vaults:1 | Lost mutation: Your magical capacity is low (-10% MP). [Jiyva's power]
 25866 | Vaults:1 | Lost mutation: You are agile. (Dex +2) [Jiyva's grace]
 25998 | Vaults:1 | Lost mutation: Your mind is acute. (Int +2) [Jiyva's grace]
 26059 | Vaults:1 | Lost mutation: You are robust (+10% HP). [Jiyva's grace]
 26067 | Vaults:1 | Gained mutation: You have a small jelly attached to you that senses nearby items. [Jiyva's grace]
 26849 | Vaults:1 | Gained mutation: You have a pair of large horns on your head. [demonic ancestry]
 26849 | Vaults:1 | Reached XP level 17. HP: 121/132 MP: 18/18
 27211 | Vaults:1 | Gained mutation: Your body is partially covered in golden eyeballs (Acc +3). [Jiyva's grace]
 27225 | Vaults:1 | Lost mutation: You have a small jelly attached to you that senses nearby items. [Jiyva's grace]
 27303 | Vaults:1 | Reached skill level 15 in Axes
 27555 | Vaults:2 | Gained mutation: You are covered in slimy tendrils that may disarm your opponents. [Jiyva's grace]
 27875 | Vaults:2 | Noticed Aizul
 27886 | Vaults:2 | Killed Aizul
 27957 | Vaults:2 | Gained mutation: Your mind is acute. (Int +2) [Jiyva's grace]
 28304 | Vaults:3 | Lost mutation: You are resistant to hostile enchantments. [Jiyva's grace]
 28352 | Vaults:3 | Reached skill level 16 in Axes
 28416 | Vaults:3 | Lost mutation: Your mind is acute. (Int +2) [mutagenic meat]
 28418 | Vaults:3 | Lost mutation: Your muscles are very strong. (Str +4) [mutagenic meat]
 28419 | Vaults:3 | Lost mutation: You are covered in slimy tendrils that may disarm your opponents. [mutagenic meat]
 28506 | Vaults:3 | Found Nifriu's General Store.
 28610 | Vaults:3 | Lost mutation: Your body is partially covered in golden eyeballs (Acc +3). [Jiyva's grace]
 28628 | Vaults:3 | Gained mutation: You have acidic saliva. [Jiyva's grace]
 28630 | Vaults:3 | Lost mutation: Your muscles are strong. (Str +2) [Jiyva's grace]
 28642 | Vaults:3 | Gained mutation: Your skin is partially translucent (Stealth, -foe acc). [Jiyva's grace]
 28644 | Vaults:3 | Gained mutation: You are occasionally teleported next to monsters. [Jiyva's grace]
 28651 | Vaults:3 | Gained mutation: Your body sometimes deteriorates upon taking damage. [Jiyva's grace]
 28772 | Vaults:3 | Gained mutation: Your flesh is heat resistant. [demonic ancestry]
 28772 | Vaults:3 | Reached XP level 18. HP: 141/141 MP: 10/19
 28910 | Vaults:3 | Got a crude mace
 29106 | Vaults:3 | Gained mutation: You are frail (-10% HP). [Jiyva's grace]
 29256 | Vaults:3 | Found a portal to a secret trove of treasure.
 29262 | Vaults:3 | Gained mutation: Your mind is acute. (Int +2) [Jiyva's grace]
 29518 | Vaults:3 | Found a staircase to the Crypt.
 29838 | Vaults:4 | Noticed Sojobo
 29855 | Vaults:4 | Killed from afar by Sojobo

Action                   |  1- 3 |  4- 6 |  7- 9 | 10-12 | 13-15 | 16-18 || total
-------------------------+-------+-------+-------+-------+-------+-------++-------
Melee: Unarmed           |    23 |       |       |       |       |       ||    23
       Dagger            |    99 |   108 |   347 |       |       |       ||   554
       Short sword       |       |       |       |   230 |       |       ||   230
       War axe           |       |       |       |   439 |   387 |       ||   826
       Broad axe         |       |       |       |       |   860 |  1309 ||  2169
Throw: Tomahawk          |       |       |       |       |     6 |       ||     6
Invok: Slouch            |       |       |       |     2 |       |       ||     2
       Bend Time         |       |       |       |       |     1 |       ||     1
       Temporal Distorti |       |       |       |       |     1 |       ||     1
       Jelly Paralyse    |       |       |       |       |     3 |       ||     3
       Request Jelly     |       |       |       |       |     2 |     5 ||     7
       Cure Bad Mutation |       |       |       |       |     1 |     5 ||     6
       Slimify           |       |       |       |       |     1 |     3 ||     4
Evoke: Wand              |       |       |       |     1 |    35 |       ||    36
       Deck              |       |       |       |       |       |     1 ||     1
  Use: Scroll            |       |       |     8 |     9 |    26 |    10 ||    53
       Potion            |       |       |       |     4 |    32 |     9 ||    45
 Stab: Sleeping          |     7 |    14 |    11 |    24 |    32 |    27 ||   115
       Distracted        |       |       |     2 |    10 |    15 |    28 ||    55
       Invisible         |       |       |       |       |    12 |    14 ||    26
       Confused          |       |       |       |       |       |    11 ||    11
  Eat: Chunk             |     1 |       |     2 |     5 |     1 |     4 ||    13
       Bread ration      |       |     1 |       |       |     1 |       ||     2
       Meat ration       |       |       |     1 |     1 |     3 |     1 ||     6
       Royal jelly       |       |       |     1 |       |     2 |       ||     3
       Beef jerky        |       |       |       |     3 |     6 |       ||     9
       Pizza             |       |       |       |     2 |       |       ||     2
       Fruit             |       |       |       |     3 |       |       ||     3
